 Dungeon Crawl Stone Soup version 0.24-a0-762-gca426f56c8 (webtiles) character file.

Game seed: 12817011810102934188, levelgen mode: deterministic

1571 Froggeryz the Basher (level 8, -1/72 HPs)
             Began as a Gargoyle Fighter on Oct 3, 2019.
             Slain by a red ugly thing (16 damage)
             ... on level 6 of the Dungeon.
             The game lasted 00:09:29 (4835 turns).

Froggeryz the Basher (Gargoyle Fighter)             Turns: 4835, Time: 00:09:29

Health: -1/72      AC: 15    Str: 30    XL:     8   Next: 90%
Magic:  8/8        EV:  7    Int:  8    God:
Gold:   244        SH: 10    Dex: 11    Spells: 7/7 levels left

rFire    . . .     SeeInvis .   a - +0 flail
rCold    . . .     Gourm    .   c - +0 shield
rNeg     + . .     Faith    .   b - +0 scale mail
rPois    ∞         Spirit   .   (no helmet)
rElec    +         Reflect  .   w - +0 cloak of Fanaticism {Slay+2 Stlth+} (curse)
rCorr    .         Harm     .   t - +0 pair of gloves
MR       .....                  y - +0 pair of boots
Stlth    ..........             (no amulet)
HPRegen  0.22/turn              h - +4 ring of strength
MPRegen  0.11/turn              (no ring)

@: mighty, berserking, flying, very quick
A: negative energy resistance 1, electricity resistance, unbreathing,
petrification resistance, rot immunity, AC +5
a: no special abilities


You were on level 6 of the Dungeon.
You were not hungry.

You visited 2 branches of the dungeon, and saw 7 of its levels.

You collected 244 gold pieces.

Inventory:

Hand Weapons
 a - a +0 flail (weapon)
Armour
 b - a +0 scale mail (worn)
 c - a +0 shield (worn)
 t - a +0 pair of gloves (worn)
 w - the cursed +0 cloak of Fanaticism (worn) {Slay+2 Stlth+}
   (You found it on level 4 of the Dungeon)

   It affects your accuracy and damage with ranged weapons and melee attacks
   (+2).
   It makes you more stealthy.
   It has a curse placed upon it.
 y - a +0 pair of boots (worn)
Jewellery
 h - a +4 ring of strength (left hand)
 u - an uncursed amulet of harm
Wands
 j - a wand of digging (4)
 B - a wand of flame (20)
Scrolls
 g - 3 scrolls of fear {unknown}
 i - a scroll of magic mapping {unknown}
 k - a scroll of amnesia {unknown}
 l - 3 scrolls of remove curse
 n - a scroll of identify
 o - a scroll of teleportation
 q - a scroll of enchant armour {unknown}
 v - a scroll of immolation {unknown}
 C - a scroll of enchant weapon {unknown}
Potions
 d - a potion of might
 e - a potion of curing
 m - a potion of cancellation {unknown}
 p - 6 potions of haste
 r - a potion of heal wounds {unknown}
 s - a potion of magic {unknown}
 x - a potion of flight
 z - a potion of berserk rage
 A - a potion of lignification {unknown}
Comestibles
 f - 7 rations


   Skills:
 - Level 4.0 Fighting
 * Level 10.7 Maces & Flails
 - Level 3.2 Armour
 - Level 3.2 Shields


You had 7 spell levels left.
You didn't know any spells.
Your spell library was empty.

Dungeon Overview and Level Annotations

Branches:
Dungeon (6/15)             Temple (1/1) D:5

Altars:
Ashenzari
Cheibriados
Dithmenos
Elyvilon
Fedhas
Hepliaklqana
Kikubaaqudgha
Makhleb
Nemelex Xobeh
Qazlal
Ru
Sif Muna
Trog
Uskayaw
Wu Jian
Xom
Yredelemnul
Zin
Lugonu


Innate Abilities, Weirdness & Mutations

You are resistant to torment.
Your stone body is resilient. (AC +5)
You are immune to poison.
You resist negative energy. (rN+)
You are resistant to electric shocks. (rElec)
You can survive without breathing.
You are immune to petrification.
You are immune to rotting.


Message History

The red ugly thing is heavily wounded.
The red ugly thing kicks you!
You are engulfed in flames!
* * * LOW HITPOINT WARNING * * *
There is an open door here.
It was a potion of flight.
You feel very buoyant.
You fly up into the air.
The red ugly thing barely misses you.
It was a potion of curing.
You feel better. You block the red ugly thing's attack.
You feel better.
The red ugly thing kicks you but does no damage.
A red film seems to cover your vision as you go berserk!
You feel yourself moving faster!
You feel mighty! The red ugly thing kicks you.
You are engulfed in flames!
You closely miss the red ugly thing.
The red ugly thing is moderately wounded.
The red ugly thing kicks you!
* * * LOW HITPOINT WARNING * * *
You are engulfed in flames!
You die...

.#. ..#.......# #.####
###[#.###.#....#..#
#.....
$..#.....#...#...#
######
#)....#.....##.#.#
#)###.#....###.#.#
#.....#...#...(..#
#.....#.....##...#..#
#.###.#...l###.)†#..###
# ..#...#au@...+....#
......##.##...##>#.#
......###.#######.#.#
....#### #.# #.#.#
##### #.# #.#.# #.#
#.#.# #.# #.#.# #.#
#.#.# #.# #.#


You could see a red ugly thing, an iguana and a worker ant.

Vanquished Creatures
  An orc warrior (D:5)
  2 ice beasts
  A phantom (D:4)
  2 sky beasts (D:5)
  2 ogres
  2 centaurs (D:6)
  A centaur skeleton (D:5)
  A hound (D:3)
  A jelly (D:5)
  A bullfrog skeleton (D:4)
  3 orc priests
  Ijyb (D:5)
  5 orc wizards
  4 worker ants
  4 gnolls
  4 adders
  A shadow imp (D:5)
  3 oozes
  A worm (D:6)
  4 dart slugs
  6 leopard geckos
  16 orcs
  6 ball pythons
  6 bats
  7 giant cockroaches
  3 goblins
  6 hobgoblins
  7 jackals
  8 kobolds
  3 quokkas
  4 frilled lizards
  A jackal skeleton (D:5)
  2 leopard gecko skeletons
  A quokka zombie (D:5)
  7 rats
127 creatures vanquished.

Notes
Turn   | Place    | Note
-------+----------+-------------------------------------------
     0 | D:1      | Froggeryz the Gargoyle Fighter began the quest for the Orb.
     0 | D:1      | Reached XP level 1. HP: 14/14 MP: 1/1
    76 | D:1      | Reached XP level 2. HP: 19/19 MP: 2/2
   299 | D:1      | Reached skill level 3 in Maces & Flails
   299 | D:1      | Reached XP level 3. HP: 24/24 MP: 3/3
   810 | D:2      | Reached XP level 4. HP: 23/29 MP: 4/4
  1080 | D:2      | Reached skill level 4 in Maces & Flails
  1162 | D:2      | Found an ornate altar of the Wu Jian Council.
  1248 | D:3      | Found a white marble altar of Elyvilon.
  1466 | D:3      | Found a shadowy altar of Dithmenos.
  1521 | D:3      | Reached XP level 5. HP: 29/33 MP: 5/5
  1540 | D:3      | Found a burning altar of Makhleb.
  1701 | D:3      | Reached skill level 5 in Maces & Flails
  1945 | D:4      | Noticed an ogre
  1945 | D:4      | Noticed a phantom
  2049 | D:4      | Found a snail-covered altar of Cheibriados.
  2113 | D:4      | Got a crude cloak
  2115 | D:4      | Identified the cursed +0 cloak of Fanaticism {Slay+2
                  | Stlth+} (You found it on level 4 of the Dungeon)
  2198 | D:4      | Reached XP level 6. HP: 38/38 MP: 6/6
  2413 | D:4      | Reached skill level 6 in Maces & Flails
  2489 | D:4      | Killed a phantom
  2489 | D:4      | Reached skill level 7 in Maces & Flails
  2489 | D:4      | Reached XP level 7. HP: 29/43 MP: 7/7
  2587 | D:5      | Entered Level 5 of the Dungeon
  2589 | D:5      | Found a shimmering altar of Xom.
  2706 | D:5      | Noticed Ijyb
  2718 | D:5      | Killed Ijyb
  3161 | D:5      | Found a shattered altar of Ashenzari.
  3172 | D:5      | Reached skill level 8 in Maces & Flails
  3647 | D:5      | Reached XP level 8. HP: 40/48 MP: 8/8
  3872 | D:5      | Reached skill level 9 in Maces & Flails
  4099 | D:5      | Found a staircase to the Ecumenical Temple.
  4112 | D:5      | Reached skill level 10 in Maces & Flails
  4120 | Temple   | Entered the Ecumenical Temple
  4258 | D:5      | Noticed a +0 hand axe
  4258 | D:5      | Noticed a +0 hand axe
  4261 | D:5      | Found a hide-covered altar of Uskayaw.
  4283 | D:5      | Found a sparkling altar of Nemelex Xobeh.
  4495 | D:6      | Found a blossoming altar of Fedhas.
  4803 | D:6      | Noticed a red ugly thing
  4835 | D:6      | Slain by a red ugly thing

Levels and vault maps discovered:
D:1:      ncdulo_wetmaze, layout_loops_ring, minmay_misc_feat_rows,
          hangedman_decor_opposing
D:2:      layout_rooms, overflow_temple_1_default
D:3:      layout_rooms, elyvilon_altar_1, makhleb_heckhound_becter,
          nicolae_dithmenos_through_a_glass_darkly
D:4:      layout_rooms, lemuel_doored_altar, first_ration,
          kennysheep_generic_room_5
D:5:      layout_cave_pools, kennysheep_mini_moat, dancing_weapons_uskayaw,
          lemuel_crystal_altar, minmay_temple_entry_glass, basic_altar,
          chequers_arboretum, uniq_ijyb
D:6:      hangedman_cross_stitches, layout_basic, fedhas_bush_and_centaur_altar,
          kennysheep_mini
Temple:   corrupted_temple

Skill      XL: |  1  2  3  4  5  6  7  8 |
---------------+-------------------------+-----
Maces & Flails | 3 4 5 7 8 10 | 10.7
Fighting       | 4 |  4.0
Armour         | |  3.2
Shields        | |  3.2

Action                   |  1- 3 |  4- 6 |  7- 9 || total
-------------------------+-------+-------+-------++-------
Melee: Flail             |   125 |   200 |   169 ||   494
  Use: Scroll            |       |     2 |     4 ||     6
       Potion            |       |       |     6 ||     6
  Eat: Chunk             |       |     6 |     7 ||    13
Armor: Scale mail        |    89 |   106 |    87 ||   282
Dodge: Dodged            |    45 |    71 |    45 ||   161
Block: Shield            |    77 |   117 |    88 ||   282

Table legend:
 A = Non-vault XP
 B = Vault XP
 C = Vault XP percentage of total XP
 D = Non-vault monster count
 E = Vault monster count
 F = Vault count percentage of total count
                 A         B        C        D         E       F
            +---------+---------+-------+---------+---------+-------
      Total |    1988 |     257 |  11.4 |     121 |       6 |   4.7
            +---------+---------+-------+---------+---------+-------
        D:1 |      47 |       0 |   0.0 |      21 |       0 |   0.0
        D:2 |      71 |       0 |   0.0 |      24 |       0 |   0.0
        D:3 |     239 |      43 |  15.2 |      25 |       1 |   3.8
        D:4 |     408 |       0 |   0.0 |      17 |       0 |   0.0
        D:5 |    1104 |      39 |   3.4 |      30 |       1 |   3.2
        D:6 |     119 |     175 |  59.5 |       4 |       4 |  50.0
            +---------+---------+-------+---------+---------+-------
